 Dungeon Crawl Stone Soup version 0.17-a0-1945-gfe993df (webtiles) character file.

68 HungrySpirit the Shooter (level 4, -1/36 HPs)
             Began as a Centaur Arcane Marksman on Sept 30, 2015.
             Killed by nerve-wracking pain
             ... invoked by Grinder
              (6 damage)
             ... on level 3 of the Dungeon.
             The game lasted 00:04:18 (2607 turns).

HungrySpirit the Shooter (Centaur Arcane Marksman)  Turns: 2607, Time: 00:04:18

Health: -1/36      AC:  5    Str: 13    XL:     4   Next: 1%
Magic:  5/5        EV:  8    Int: 12    God:
Gold:   85         SH:  0    Dex: 10    Spells: 1 memorised, 4 levels left

rFire  . . .     SeeInvis .     a - +0 shortbow
rCold  . . .     Clarity  .     m - +0 ring mail
rNeg   . . .     SustAt   .     (no shield)
rPois  .         Gourm    .     (no helmet)
rElec  .         Spirit   .     (no cloak)
rCorr  .         Warding  .     (no gloves)
rMut   .         Stasis   .     (no barding)
MR     .....                    (no amulet)
Stlth  +.........               (no ring)
                                t - ring of stealth

@: very quick, not resistant to hostile enchantments, very unstealthy
A: hooves 3, deformed body, speed 2, tough skin 3
a: no special abilities


You were on level 3 of the Dungeon.
You were not hungry.

You visited 1 branch of the dungeon, and saw 3 of its levels.

You collected 85 gold pieces.

Inventory:

Hand weapons
 a - a +0 shortbow (weapon)
 p - a +0 short sword
Missiles
 b - 3 arrows (quivered)
Armour
 m - a +0 ring mail (worn)
Jewellery
 t - a ring of stealth (left hand)
Scrolls
 c - a scroll of remove curse {unknown}
 f - a scroll of fear {unknown}
 g - 2 scrolls of magic mapping {unknown}
 j - 3 scrolls of identify {unknown}
 k - a scroll of teleportation {unknown}
 o - a scroll of noise {unknown}
 q - a scroll of enchant armour {unknown}
Potions
 h - a potion of mutation {unknown}
 i - a potion of invisibility {unknown}
 u - a potion of brilliance {unknown}
 v - a potion of resistance {unknown}
Books
 d - a book of Debilitation

   Spells                             Type                      Level
   a - Corona                         Hexes                        1
   b - Slow                           Hexes                        2
   c - Gell's Gravitas                Hexes/Translocation          3
   d - Inner Flame                    Hexes/Fire                   3
   e - Cause Fear                     Hexes                        4
   f - Leda's Liquefaction            Hexes/Earth                  4
Comestibles
 e - 5 bread rations
 l - a meat ration
 n - a beef jerky
 s - a royal jelly


   Skills:
 + Level 2.0 Fighting
 * Level 5.1 Bows
 - Level 1.3 Dodging
 - Level 1.0 Spellcasting
 - Level 2.6 Hexes


You had 4 spell levels left.
You knew the following spells:

 Your Spells              Type           Power        Failure   Level  Hunger
a - Corona                Hex            #......      28%         1    ##.....


Dungeon Overview and Level Annotations

Branches:
Dungeon (3/15)

Altars:
Elyvilon
Zin

Annotations:
D:3 Grinder


Innate Abilities, Weirdness & Mutations

You have hooves in place of feet.
Armour fits poorly on your strangely shaped body.
You cover ground very quickly.
You have extremely tough skin (AC +3).


Message History

Aim: Grinder (severely wounded)
You shoot an arrow. The arrow hits Grinder.
Grinder is almost dead.
Unknown command.
Grinder gestures at you. You resist with significant effort.
Firing (i - inventory):
b - 5 arrows (quivered)
Press: ? - help, Shift-Dir - straight line, f/p - Grinder
Aim: Grinder (almost dead)
You shoot an arrow. The arrow closely misses Grinder.
Unknown command.
Firing (i - inventory):
b - 4 arrows (quivered)
Press: ? - help, Shift-Dir - straight line, f/p - Grinder
Aim: Grinder (almost dead)
You shoot an arrow.
The arrow hits Grinder but does no damage.
Grinder is almost dead.
Grinder gestures at you. Pain shoots through your body!
You die...

≈.≈...≈..≈≈≈...(.((#
...................#
...............(...#
...##.(###########(#
#.#........# #(#
..(#....#.# #(#
.........>#.# #(#
...# .#.#.#.######.#
#..#..#(...5.@(....#
.. #.........#######
#..###.##.###
.(...#....#...# ####
#.##.###.###
#.#........#
#.#.#..###.###
#..........#
.....#..###.###


You could see Grinder.

Vanquished Creatures
  An adder (D:2)
  An ooze (D:1)
  A worm (D:2)
  5 bats
  3 giant cockroaches
  5 hobgoblins
  9 jackals
  6 kobolds
  3 giant newts (D:2)
  7 goblins
  4 rats
45 creatures vanquished.

Notes
Turn   | Place    | Note
--------------------------------------------------------------
     0 | D:1      | HungrySpirit the Centaur Arcane Marksman began the quest for the Orb.
     0 | D:1      | Reached XP level 1. HP: 16/16 MP: 2/2
    97 | D:1      | Reached skill level 3 in Bows
   480 | D:1      | Reached XP level 2. HP: 20/23 MP: 3/3
  1200 | D:1      | Reached skill level 4 in Bows
  1285 | D:2      | Reached XP level 3. HP: 25/29 MP: 4/4
  1315 | D:2      | Found a glowing silver altar of Zin.
  1578 | D:2      | Found a white marble altar of Elyvilon.
  1976 | D:2      | Reached skill level 5 in Bows
  2484 | D:3      | Reached XP level 4. HP: 33/36 MP: 5/5
  2518 | D:3      | Noticed Grinder
  2531 | D:3      | Paralysed by Grinder for 7 turns
  2545 | D:3      | Paralysed by Grinder for 5 turns
  2588 | D:3      | Paralysed by Grinder for 5 turns
  2595 | D:3      | Paralysed by Grinder for 6 turns
  2607 | D:3      | Killed from afar by Grinder

Vault maps used:
D:1:      dpeg_arrival_triangle_fractal, minmay_misc_feat_four_crosses,
          hangedman_decor_push, minmay_misc_feat_room
D:2:      nicolae_overflow_crystal_walls, lemuel_doored_altar
D:3:      minmay_goblin_kobold_castle, grunt_temple_overflow_open, first_bread,
          uniq_grinder

Action                   |  1- 3 |  4- 6 || total
-------------------------+-------+-------++-------
Melee: Dagger            |    87 |       ||    87
       Unarmed           |    11 |       ||    11
       Short sword       |    90 |       ||    90
 Fire: Shortbow          |    27 |    31 ||    58
  Eat: Chunk             |     3 |     1 ||     4
